 Dungeon Crawl Stone Soup version 0.31-a0-523-g071a6c1ffa (webtiles) character file.

Game seed: 14712366334607114365

37 jasper the Changeling (level 3, -2/17 HPs)
             Began as a Spriggan Shapeshifter on Aug 11, 2023.
             Slain by a cerulean imp
             ... wielding a +1 spear
             ... summoned by Natasha
              (3 damage)
             ... on level 2 of the Dungeon.
             The game lasted 00:02:42 (1100 turns).

jasper the Changeling (Spriggan Shapeshifter)       Turns: 1100, Time: 00:02:43

Health: -2/17      AC:  2    Str: 11    XL:     3   Next: 23%
Magic:  4/4        EV: 17    Int:  9    God:
Gold:   113        SH:  0    Dex: 17    Spells: 2/2 levels left

rFire   . . .        g - +0 dagger (elec)
rCold   . . .        (no shield)
rNeg    . . .        a - +0 animal skin
rPois   .            (helmet currently unavailable)
rElec   .            (cloak currently unavailable)
rCorr   .            (gloves unavailable)
SInv    +            (boots unavailable)
Will    .....        (no amulet)
Stlth   ++           (no ring)
HPRegen 0.22/turn    (no ring)
MPRegen 0.09/turn

%: no passive effects
@: beast-form, very quick
A: beast (slay +3), very small, no large weapons, unfitting armour, see
invisible, speed 3
a: Begin Untransformation


You were on level 2 of the Dungeon.
You were a hulking beast.
You visited 1 branch of the dungeon, and saw 2 of its levels.

You collected 113 gold pieces.

Inventory:

Hand Weapons
 g - a +0 dagger of electrocution (weapon)
Missiles
 i - 2 stones (quivered)
Armour
 a - a +0 animal skin (worn)
Talismans
 c - a beast talisman (active)
 d - a flux talisman
 e - a dragon-blood talisman
 j - a maw talisman
Scrolls
 f - a scroll of enchant weapon {unknown}
 h - a scroll of enchant armour {unknown}
Potions
 b - a potion of lignification
 k - a potion of magic {unknown}
 l - a potion of berserk rage
 m - a potion of haste
 n - a potion of resistance


   Skills:
 - Level 0.7 Fighting
 - Level 2.6 Dodging
 - Level 2.4 Unarmed Combat
 + Level 5.3 Shapeshifting


You had 2 spell levels left.
You didn't know any spells.
Your spell library contained the following spells:

 Spells                   Type           Power      Damage    Failure   Level
 Malign Gateway           Summ/Tloc      0%         N/A       100%        7
 Summon Horrible Things   Summ           0%         N/A       100%        8


Dungeon Overview and Level Annotations

Branches:
Dungeon (2/15)

Altars:
Sif Muna

Shops:
D:1 (

Annotations:
D:2 Natasha


Innate Abilities, Weirdness & Mutations

You are a hulking beast.
Your limbs bulge with bestial killing power. (Slay +3)
You are very small and have problems with some larger weapons.
You are too small for most types of armour.
You have supernaturally acute eyesight. (SInv)
You cover ground extremely quickly. (Speed+++)


Message History

Health restored: 17 You hit the jackal.
Lightning courses through the jackal!!
You kill the jackal!
Natasha mumbles some strange words.
The jackal closely misses you.
You closely miss the jackal. The jackal misses you.
You closely miss the jackal. The jackal bites you.
Natasha casts a spell.
You take 2 damage, and have 15/17 hp.
You hit the jackal.
The jackal is lightly wounded.
The jackal closely misses you. The jackal bites you.
You take 1 damage, and have 14/17 hp.
You hit the jackal.
You kill the jackal!
The cerulean imp closely misses you. The jackal completely misses you.
You hit the jackal but do no damage. The jackal misses you.
The cerulean imp completely misses you.
You puncture the jackal!
You kill the jackal!
The cerulean imp hits you from afar with a +3 spear.
You take 2 damage, and have 12/17 hp.
You hit Natasha.
Natasha is lightly wounded.
Natasha claws you. The cerulean imp closely misses you.
The cerulean imp misses you.
You take 4 damage, and have 8/17 hp.
MASSIVE DAMAGE!!
You closely miss Natasha.
Natasha is lightly wounded.
Natasha claws you.
* * * LOW HITPOINT WARNING * * *
The cerulean imp misses you.
The cerulean imp hits you from afar with a +3 spear.
* * * LOW HITPOINT WARNING * * *
You take 7 damage, and have 1/17 hp.
MASSIVE DAMAGE!!
You closely miss Natasha.
Natasha is lightly wounded.
Natasha barely misses you.
The cerulean imp hits you from afar with a +1 spear.
You die...

.#..####.#.#.#.# ###.#
..###...#
..#..###.#.#.#.#
..##.####.##.##.#
#..#..#.†.##.# #.. ##.
...##†###.##.# #.. ....
.###...#.....# #.....
##...#.#..########5<####
...###.#........hh5.....
.### .###########..####
## .. .... #. #### .. #.


You could see Natasha and 2 cerulean imps.

Vanquished Creatures
  An adder (D:2)
  5 ball pythons
  2 endoplasms
  2 giant cockroaches
  A goblin (D:1)
  2 hobgoblins (D:1)
  3 jackals (D:2)
  A quokka (D:1)
  4 bats
  A frilled lizard (D:2)
  A kobold (D:2)
  4 rats
27 creatures vanquished.

Notes
Turn   | Place    | Note
-------+----------+-------------------------------------------
     0 | D:1      | jasper the Spriggan Shapeshifter began the quest for the
                  | Orb.
     0 | D:1      | Reached XP level 1. HP: 9/9 MP: 2/2
   305 | D:1      | Reached XP level 2. HP: 11/14 MP: 3/3
   545 | D:1      | Found Akkexiom's Weapon Emporium.
   917 | D:2      | Reached skill level 5 in Shapeshifting
   917 | D:2      | Reached XP level 3. HP: 9/17 MP: 4/4
  1002 | D:2      | Found a shimmering blue altar of Sif Muna.
  1087 | D:2      | Noticed Natasha
  1100 | D:2      | Slain by a cerulean imp

Illustrated notes

Levels and vault maps discovered:
D:1:      dpeg_arrival_simpleton_b, layout_loops_ring, serial_shops,
          nicolae_diamond_shop
D:2:      minmay_skewed_foursquare, layout_loops_ring, basic_altar,
          uniq_natasha, uniq_terence

Skill      XL: |  1  2 |
---------------+-------+-----
Shapeshifting  | 5 |  5.3
Fighting       | |  0.7
Dodging        | |  2.6
Unarmed Combat | |  2.4

Action                     || total
---------------------------++-------
  Melee: Unarmed           ||    27
         Punch             ||     4
         Dagger            ||    35
    Use: Scroll            ||     8
   Stab: Sleeping          ||     1
 Armour: Animal skin       ||     4
  Dodge: Dodged            ||    63

Table legend: (Time is in decaauts)
 A = Elapsed time spent in this place.
 B = Non-inter-level travel time spent in this place.
 C = Inter-level travel time spent in this place.
 D = Time resting spent in this place.
 E = Time spent auto-exploring this place.
 F = Levels seen in this place.
 G = Mean time per level.
                   A        B        C        D        E       F      G
               +--------+--------+--------+--------+--------+-----+--------+
         Total |    733 |    717 |     16 |      7 |    544 |   2 |  366.5 |
       Dungeon |    733 |    717 |     16 |      7 |    544 |   2 |  366.5 |
               +--------+--------+--------+--------+--------+-----+--------+

Top non-repeatable levels by time:
     D:1: 437 daAuts
     D:2: 296 daAuts
